 Dungeon Crawl Stone Soup version 0.29-a0-542-g075992c915 (webtiles) character file.

Game seed: 1943319665934888633

6 kyalle the Skirmisher (level 1, -1/18 HPs)
             Began as a Demonspawn Monk on June 3, 2022.
             Slain by a hobgoblin (4 damage)
             ... on level 1 of the Dungeon.
             The game lasted 00:01:43 (427 turns).

kyalle the Skirmisher (Demonspawn Monk)              Turns: 427, Time: 00:01:44

Health: -1/18      AC:  2    Str: 11    XL:     1   Next: 75%
Magic:  1/1        EV: 13    Int: 11    God:
Gold:   7          SH:  0    Dex: 15    Spells: 0/0 levels left

rFire   . . .      SeeInvis .   e - staff of poison
rCold   . . .      Faith    .   (no shield)
rNeg    . . .      Spirit   .   a - +0 robe
rPois   +          Reflect  .   (no helmet)
rElec   .          Harm     .   (no cloak)
rCorr   .          Rampage  .   (no gloves)
Will    .....                   (no boots)
Stlth   ++........              (no amulet)
HPRegen 0.06/turn               (no ring)
MPRegen 0.07/turn               (no ring)

@: no status effects
A: no striking features
a: no special abilities


You were on level 1 of the Dungeon.
You visited 1 branch of the dungeon, and saw 1 of its levels.

You collected 7 gold pieces.

Inventory:

Missiles
 d - 36 stones (quivered)
Armour
 a - a +0 robe (worn)
Magical Staves
 e - a staff of poison (weapon)
Jewellery
 g - a ring of fire
Potions
 b - a potion of ambrosia
 c - a potion of magic {unknown}
 f - a potion of might {unknown}


   Skills:
 * Level 3.1 Fighting
 * Level 0.0 Staves
 + Level 2.7 Dodging
 - Level 1.7 Stealth
 - Level 2.8 Unarmed Combat


You couldn't memorise any spells.
You didn't know any spells.
Your spell library was empty.

Dungeon Overview and Level Annotations

Branches:
Dungeon (1/15)

Altars:


Message History

e - a staff of poison (weapon)
There is a stone staircase leading down here.
A bat comes into view.
The bat misses you.
You barely miss the bat. Your punch misses the bat.
The bat hits you but does no damage. The bat hits you but does no damage.
You hit the bat but do no damage. The bat hits you.
You miss the bat. Your punch misses the bat.
The bat hits you but does no damage. The bat barely misses you.
You hit the bat.
You kill the bat!
You see here a bat corpse.
A hobgoblin comes into view.
The hobgoblin shouts!
Found 6 gold pieces.
The hobgoblin closely misses you.
You closely miss the hobgoblin. The hobgoblin closely misses you.
You hit the hobgoblin.
The hobgoblin is heavily wounded.
The hobgoblin hits you. x2
You hit the hobgoblin but do no damage.
The hobgoblin is heavily wounded.
The hobgoblin hits you.
You closely miss the hobgoblin.
The hobgoblin is heavily wounded.
The hobgoblin hits you.
You closely miss the hobgoblin.
The hobgoblin is heavily wounded.
The hobgoblin barely misses you.
You hit the hobgoblin.
The hobgoblin is almost dead.
The hobgoblin hits you.
* * * LOW HITPOINT WARNING * * *
You barely miss the hobgoblin.
The hobgoblin is almost dead.
The hobgoblin hits you.
* * * LOW HITPOINT WARNING * * *
The hobgoblin hits you.
You die...

...♣.
#.##### ...#
#.# ...# #
#.# ...#
#.##### #†#
#....
....... #.#
.... .......
#.#
.......###.#
...........#
.......@####
......g.#
........#
......$.#
#####+#.. .#
### .# .#
#.##.##
......##


You could see a hobgoblin.

Vanquished Creatures
  An endoplasm (D:1)
  A goblin (D:1)
  A hobgoblin (D:1)
  A bat (D:1)
  2 kobolds (D:1)
6 creatures vanquished.

Notes
Turn   | Place    | Note
-------+----------+-------------------------------------------
     0 | D:1      | kyalle the Demonspawn Monk began the quest for the Orb.
     0 | D:1      | Reached XP level 1. HP: 18/18 MP: 1/1
   427 | D:1      | Slain by a hobgoblin

Illustrated notes

Levels and vault maps discovered:
D:1:      minmay_arrival_three_doors, layout_basic, serial_forest,
          infiniplex_forest_end_2, infiniplex_forest_clump_small,
          infiniplex_forest_lined_2, infiniplex_forest_lined_room_2,
          infiniplex_forest_split, infiniplex_forest_lined_corner,
          infiniplex_forest_end_1, infiniplex_forest_lined_2

Action                   || total
-------------------------++-------
Melee: Unarmed           ||    14
       Staff             ||    11
       Punch             ||     1
 Stab: Sleeping          ||     1
Armor: Robe              ||     3
Dodge: Dodged            ||    15

Table legend: (Time is in decaauts)
 A = Elapsed time spent in this place.
 B = Non-inter-level travel time spent in this place.
 C = Inter-level travel time spent in this place.
 D = Time resting spent in this place.
 E = Time spent auto-exploring this place.
 F = Levels seen in this place.
 G = Mean time per level.
                   A        B        C        D        E       F      G
               +--------+--------+--------+--------+--------+-----+--------+
         Total |    427 |    427 |      0 |      0 |    334 |   1 |  427.0 |
       Dungeon |    427 |    427 |      0 |      0 |    334 |   1 |  427.0 |
               +--------+--------+--------+--------+--------+-----+--------+

Top non-repeatable levels by time:
     D:1: 427 daAuts
